 Dungeon Crawl Stone Soup version 0.30-a0-870-gc5d4c5acee (webtiles) character file.

Game seed: 13574209382183281166

814 112233 the Magician (level 7, -6/38 HPs)
             Began as a Deep Elf Fire Elementalist on Mar 11, 2023.
             Mangled by a two-headed ogre
             ... wielding a +0 giant club
              (8 damage)
             ... on level 5 of the Dungeon.
             The game lasted 00:05:10 (5282 turns).

112233 the Magician (Deep Elf Fire Elementalist)    Turns: 5282, Time: 00:05:11

Health: -6/38      AC:  5    Str:  5    XL:     7   Next: 62%
Magic:  10/19      EV: 14    Int: 22    God:
Gold:   254        SH:  0    Dex: 15    Spells: 9/19 levels left

rFire   . . .      SeeInvis .    f - staff of earth
rCold   . . .      Faith    .    (no shield)
rNeg    . . .      Spirit   .    a - +0 robe
rPois   .          Reflect  .    l - +0 helmet
rElec   .          Rampage  .    (no cloak)
rCorr   .                        s - +0 pair of gloves
Will    .....                    v - +0 pair of boots
Stlth   ++                       (no amulet)
HPRegen 0.26/turn                (no ring)
MPRegen 0.16/turn                (no ring)

@: no status effects
A: no striking features
a: no special abilities


You were on level 5 of the Dungeon.
You visited 1 branch of the dungeon, and saw 5 of its levels.

You collected 254 gold pieces.

Inventory:

Armour
 a - a +0 robe (worn)
 l - a +0 helmet (worn)
 m - the +3 ring mail of Precision Catastrophes {rC- Will+ Regen+}
   (You took it off a goblin on level 2 of the Dungeon)

   rC:        It makes you vulnerable to cold.
   Regen:     It increases your rate of health regeneration.
   Will:      It increases your willpower.
 s - a +0 pair of gloves (worn)
 v - a +0 pair of boots (worn)
Magical Staves
 f - a staff of earth (weapon)
Scrolls
 d - 4 scrolls of enchant armour {unknown}
 h - a scroll of enchant weapon {unknown}
 i - 9 scrolls of identify {unknown}
 j - a scroll of fog {unknown}
 k - a scroll of summoning {unknown}
 n - a scroll of teleportation {unknown}
 o - a scroll of immolation {unknown}
 p - 2 scrolls of noise {unknown}
Potions
 b - 2 potions of magic
 c - a potion of attraction
 e - a potion of mutation {unknown}
 g - a potion of brilliance
 q - 2 potions of degeneration {unknown}
 r - a potion of invisibility {unknown}
 t - a potion of resistance {unknown}
 u - a potion of flight {unknown}


   Skills:
 + Level 1.1 Fighting
 + Level 4.7 Dodging
 - Level 2.4 Stealth
 * Level 6.9 Spellcasting
 + Level 3.8 Conjurations
 * Level 6.2 Fire Magic


You had 9 spell levels left.
You knew the following spells:

 Your Spells              Type           Power      Damage    Failure   Level
a - Foxfire               Conj/Fire      100%       2x1d9     1%          1
b - Scorch                Fire           68%        2d8       1%          2
c - Kindle Blastsparks    Fire/Tloc/Air  32%        2d12      11%         3
d - Flame Wave            Conj/Fire      29%        2d9       11%         4

Your spell library contained the following spells:

 Spells                   Type           Power      Damage    Failure   Level
 Inner Flame              Hex/Fire       21%        N/A       7%          3
 Summon Guardian Golem    Hex/Summ       7%         N/A       26%         3
 Orb of Destruction       Conj           12%        9d7       100%        7
 Spellforged Servitor     Conj/Summ      7%         N/A       100%        7


Dungeon Overview and Level Annotations

Branches:
Dungeon (5/15)
 Temple: D:4-7

Altars:
Yredelemnul
The Shining One

Annotations:
D:5 Edmund


Message History

There are monsters nearby!
Unknown command.
You aren't carrying any items that you can evoke.
Unknown command.
There is an open door here.
Casting: Foxfire (safe; 1% risk of failure)
Confirm with . or Enter, or press ? or * to list all spells.
You don't know that spell.
Unknown command.
Casting: Foxfire (safe; 1% risk of failure)
Confirm with . or Enter, or press ? or * to list all spells.
A cloud of volatile blastsparks flares up around you!
Casting: Kindle Blastsparks (dangerous; 11% risk of failure)
Confirm with . or Enter, or press ? or * to list all spells.
A cloud of volatile blastsparks flares up around you!
The cloud of blastsparks explodes!
The concussive blast engulfs the two-headed ogre!
The two-headed ogre is lightly wounded.
The cloud of blastsparks explodes!
The concussive blast engulfs the two-headed ogre!
The two-headed ogre is heavily wounded.
Casting: Kindle Blastsparks (dangerous; 11% risk of failure)
Confirm with . or Enter, or press ? or * to list all spells.
Flames lash the two-headed ogre.
The two-headed ogre is heavily wounded.
The two-headed ogre's fire resistance burns away.
The two-headed ogre hits you with a +0 giant club!!
Ouch! That really hurt!
* * * LOW HITPOINT WARNING * * *
The two-headed ogre misses you.
Unknown command.
Unknown command.
Casting: Scorch (safe; 1% risk of failure)
Confirm with . or Enter, or press ? or * to list all spells.
Flames lash the two-headed ogre.
The two-headed ogre is burned terribly!
The two-headed ogre is severely wounded.
The two-headed ogre hits you with a +0 giant club!
* * * LOW HITPOINT WARNING * * *
The two-headed ogre hits you with a +0 giant club!
You die...

## .## ..# ..## ...# ..####
########## ...#.##
#........########
..##..#####.#...@O........#
...)<.........'########'..#
......######..#........#..#
#.†...# ##.#.'####+.#..#
#.....## #.#.#....#.#..#
..##...######.#.#.##.#.#..#
#####.)..##...#.#.##.#.#..#
# ##.....#.#.#.#†...#.#O.#
####.....##.#.#.'####+.#..#


You could see a two-headed ogre (combustible).

Vanquished Creatures
  Grinder (D:4)
  An ogre (D:4)
  A phantom (D:4)
  3 hounds
  A jelly (D:4)
  An orc priest (D:5)
  A sleepcap (D:4)
  Natasha (twice) (D:2)
  2 iguanas
  An orc wizard (D:5)
  8 adders
  A worm (D:4)
  4 dart slugs
  2 orcs
  10 ball pythons
  3 bats
  5 endoplasms
  A giant cockroach (D:4)
  9 goblins
  8 hobgoblins
  6 jackals
  3 quokkas
  5 frilled lizards
  7 kobolds
  2 rats (D:2)
88 creatures vanquished.

Vanquished Creatures (others)
  269 foxfires
269 creatures vanquished.

Grand Total: 357 creatures vanquished

Notes
Turn   | Place    | Note
-------+----------+-------------------------------------------
     0 | D:1      | 112233 the Deep Elf Fire Elementalist began the quest for
                  | the Orb.
     0 | D:1      | Reached XP level 1. HP: 10/10 MP: 6/6
   233 | D:1      | Reached XP level 2. HP: 15/15 MP: 5/8
   418 | D:1      | Learned a level 2 spell: Scorch
   933 | D:2      | Reached XP level 3. HP: 19/19 MP: 7/10
  1255 | D:2      | Found a faded altar of an unknown god.
  1307 | D:2      | Identified the +3 ring mail of Precision Catastrophes {rC-
                  | Will+ Regen+}
  1673 | D:2      | Reached XP level 4. HP: 24/24 MP: 9/12
  1761 | D:2      | Noticed Natasha
  1771 | D:2      | Killed Natasha
  1909 | D:2      | Noticed Natasha
  1915 | D:2      | Killed Natasha
  2237 | D:3      | Found a glowing golden altar of the Shining One.
  2356 | D:3      | Reached XP level 5. HP: 28/28 MP: 9/14
  2711 | D:3      | Learned a level 3 spell: Kindle Blastsparks
  2716 | D:3      | Learned a level 4 spell: Flame Wave
  3014 | D:3      | Found a basalt altar of Yredelemnul.
  3037 | D:3      | Noticed a profane servitor
  3109 | D:3      | Noticed an angel
  3144 | D:3      | Reached skill level 5 in Spellcasting
  3535 | D:4      | Noticed Grinder
  3542 | D:4      | Paralysed by Grinder for 2 turns
  3550 | D:4      | Killed Grinder
  3551 | D:4      | Reached skill level 5 in Fire Magic
  3551 | D:4      | Reached XP level 6. HP: 32/32 MP: 8/16
  3908 | D:4      | Reached XP level 7. HP: 37/37 MP: 14/18
  4319 | D:5      | Entered Level 5 of the Dungeon
  5049 | D:5      | Reached skill level 1 in Fighting
  5261 | D:5      | Noticed a two-headed ogre
  5261 | D:5      | Noticed Edmund
  5282 | D:5      | Mangled by a two-headed ogre

Illustrated notes

Levels and vault maps discovered:
D:1:      dpeg_arrival_oval, layout_rooms
D:2:      layout_basic, ebering_ecumenical_altar_mist, uniq_natasha
D:3:      layout_basic, grunt_temple_overflow_holy_war
D:4:      layout_loops_ring, uniq_grinder
D:5:      layout_cave_pools, minivault_11, uniq_edmund, uniq_eustachio,
          uniq_ijyb

Skill      XL: |  1  2  3  4  5  6  7 |
---------------+----------------------+-----
Spellcasting   | 4 5 6 |  6.9
Dodging        | 3 4 |  4.7
Fire Magic     | 4 5 6 |  6.2
Conjurations   | 2 3 |  3.8
Fighting       | 1 |  1.1
Stealth        | |  2.4

Action                     |  1- 3 |  4- 6 |  7- 9 || total
---------------------------+-------+-------+-------++-------
  Melee: Staff             |     3 |       |       ||     3
   Cast: Foxfire           |    76 |    70 |    23 ||   169
         Scorch            |     6 |    17 |    19 ||    42
         Kindle Blastspark |       |       |     2 ||     2
    Use: Potion            |       |     3 |       ||     3
         Scroll            |       |     2 |       ||     2
 Armour: Robe              |     1 |     4 |     4 ||     9
  Dodge: Dodged            |    22 |    12 |    19 ||    53

Table legend: (Time is in decaauts)
 A = Elapsed time spent in this place.
 B = Non-inter-level travel time spent in this place.
 C = Inter-level travel time spent in this place.
 D = Time resting spent in this place.
 E = Time spent auto-exploring this place.
 F = Levels seen in this place.
 G = Mean time per level.
                   A        B        C        D        E       F      G
               +--------+--------+--------+--------+--------+-----+--------+
         Total |   5285 |   5107 |    178 |    844 |   3588 |   5 | 1057.0 |
       Dungeon |   5285 |   5107 |    178 |    844 |   3588 |   5 | 1057.0 |
               +--------+--------+--------+--------+--------+-----+--------+

Top non-repeatable levels by time:
     D:4: 1595 daAuts
     D:2: 1326 daAuts
     D:3: 1100 daAuts
     D:1: 899 daAuts
     D:5: 364 daAuts
